 Dungeon Crawl Stone Soup version 0.30-a0-605-gb2882149bf (webtiles) character file.

Game seed: 13594196171626984190

27 bmack86 the Trooper (level 2, -3/27 HPs)
             Began as a Minotaur Fighter on Jan 8, 2023.
             Killed by nerve-wracking pain
             ... invoked by Grinder
              (9 damage)
             ... on level 3 of the Dungeon.
             The game lasted 00:01:47 (963 turns).

bmack86 the Trooper (Minotaur Fighter)               Turns: 963, Time: 00:01:48

Health: -3/27      AC:  7    Str: 20    XL:     2   Next: 93%
Magic:  1/1        EV:  9    Int:  5    God:
Gold:   33         SH:  4    Dex:  9    Spells: 1/1 levels left

rFire   . . .      SeeInvis .    a - +0 war axe
rCold   . . .      Faith    .    c - +0 buckler
rNeg    . . .      Spirit   .    b - +0 scale mail
rPois   .          Reflect  .    (helmet restricted)
rElec   .          Harm     .    (no cloak)
rCorr   .          Rampage  .    (no gloves)
Will    .....                    (no boots) Stlth
                                 (no amulet)
HPRegen 0.24/turn                (no ring)
MPRegen 0.07/turn                (no ring)

@: no status effects
A: horns 2, retaliatory headbutt
a: no special abilities


You were on level 3 of the Dungeon.
You visited 1 branch of the dungeon, and saw 3 of its levels.

You collected 33 gold pieces.

Inventory:

Hand Weapons
 a - a +0 war axe (weapon)
Armour
 b - a +0 scale mail (worn)
 c - a +0 buckler (worn)
Scrolls
 h - a scroll of immolation
 i - a scroll of fog
 j - a scroll of torment {unknown}
Potions
 d - a potion of might
 e - a potion of degeneration {unknown}
 f - 2 potions of curing {unknown}
 g - 2 potions of mutation {unknown}


   Skills:
 * Level 4.1 Fighting
 * Level 3.0 Axes
 + Level 4.0 Armour
 + Level 3.9 Shields


You had one spell level left.
You didn't know any spells.
Your spell library was empty.

Dungeon Overview and Level Annotations

Branches:
Dungeon (2/15)

Altars:

Annotations:
D:3 Grinder


Innate Abilities, Weirdness & Mutations

You have a pair of horns on your head.
You reflexively headbutt those who attack you in melee.


Message History

The shaft crumbles and collapses.
You now have 33 gold pieces (gained 11).
Grinder comes into view.
Grinder shouts!
You hit Grinder.
Grinder is lightly wounded.
Grinder barely misses you.
You slash Grinder! You headbutt Grinder.
Grinder is heavily wounded.
Grinder gestures at you. Pain shoots through your body!
You closely miss Grinder. Your headbutt misses Grinder.
Grinder is heavily wounded.
Grinder hits you but does no damage. Grinder gestures at you.
You suddenly lose the ability to move!
Grinder hits you. Grinder hits you but does no damage.
You can move again.
You slash Grinder!
Grinder is severely wounded.
Grinder hits you.
You slash Grinder!
Grinder is almost dead.
Grinder blinks!
Grinder blinks!
Grinder blinks!
Grinder gestures at you. Pain shoots through your body!
* * * LOW HITPOINT WARNING * * *
Grinder says, "There's only one good use for a tongue: cutting it out."
Grinder gestures at you.
You struggle to resist.
You closely miss Grinder.
Grinder is almost dead.
Grinder hits you but does no damage.
Grinder blinks!
Grinder attacks as you move away! Grinder hits you but does no damage.
Grinder gestures at you. Pain shoots through your body!
You die...

######.#####..#
#.............#
#.....#######.###
#.....# #......#
#.....# #.##.#.#
#...... #.##.#.#
######. #.#..#.#
.# #.#.##.# .#
#..5.@.# .#
###.#### #.# #.#
#.# ... ... ..#
#..#


You could see Grinder.

Vanquished Creatures
  3 bats (D:1)
  2 endoplasms (D:1)
  3 giant cockroaches (D:1)
  2 goblins (D:1)
  3 hobgoblins (D:1)
  3 kobolds (D:1)
  A quokka (D:1)
  4 ball pythons (D:1)
  2 frilled lizards (D:1)
  A rat (D:1)
24 creatures vanquished.

Vanquished Creatures (others)
  5 toadstools (D:1)
5 creatures vanquished.

Grand Total: 29 creatures vanquished

Notes
Turn   | Place    | Note
-------+----------+-------------------------------------------
     0 | D:1      | bmack86 the Minotaur Fighter began the quest for the Orb.
     0 | D:1      | Reached XP level 1. HP: 19/19 MP: 0/0
   146 | D:1      | Reached XP level 2. HP: 27/27 MP: 1/1
   920 | D:2      | You fall into a shaft and drop 1 floor!
   948 | D:3      | Noticed Grinder
   952 | D:3      | Paralysed by Grinder for 3 turns
   963 | D:3      | Killed from afar by Grinder

Illustrated notes

Levels and vault maps discovered:
D:1:      ldierk_walled_garden, layout_basic, serial_forest,
          infiniplex_forest_lined_2, infiniplex_forest_clump_medium,
          infiniplex_forest_straight_4, infiniplex_forest_lined_corner,
          infiniplex_forest_lined_room_2, infiniplex_forest_lined_room_2,
          kennysheep_minor_cross, st_stairs_11, minmay_misc_feat_rugged,
          minmay_stone_trees_small, grunt_decor_junction
D:2:      layout_rooms, dreamdust_mushroom_princess, kennysheep_big_empty_room,
          nicolae_grassy_gnolls
D:3:      layout_loops_cross, uniq_grinder, uniq_sigmund

Skill      XL: |  1  2 |
---------------+-------+-----
Fighting       | 4 |  4.1
Axes           | 3 |  3.0
Armour         | 4 |  4.0
Shields        | |  3.9

Action                   || total
-------------------------++-------
Melee: War axe           ||    51
       Headbutt          ||     8
  Use: Scroll            ||     2
Armor: Scale mail        ||    34
Dodge: Dodged            ||    30
Block: Buckler           ||    12

Table legend: (Time is in decaauts)
 A = Elapsed time spent in this place.
 B = Non-inter-level travel time spent in this place.
 C = Inter-level travel time spent in this place.
 D = Time resting spent in this place.
 E = Time spent auto-exploring this place.
 F = Levels seen in this place.
 G = Mean time per level.
                   A        B        C        D        E       F      G
               +--------+--------+--------+--------+--------+-----+--------+
         Total |    985 |    939 |     46 |      0 |    721 |   3 |  328.3 |
       Dungeon |    985 |    939 |     46 |      0 |    721 |   3 |  328.3 |
               +--------+--------+--------+--------+--------+-----+--------+

Top non-repeatable levels by time:
     D:1: 931 daAuts
     D:3: 44 daAuts
     D:2: 8 daAuts
